 Dungeon Crawl Stone Soup version 0.18-a0-5-gf1fb587 (webtiles) character file.

1500 Goblin1989 the Cleaver (level 8, -7/66 HPs)
             Began as a Hill Orc Gladiator on Oct 31, 2015.
             Was a Follower of Okawaru.
             Hit by a large rock thrown by a cyclops (16 damage)
             ... on level 6 of the Dungeon.
             The game lasted 00:25:20 (6079 turns).

Goblin1989 the Cleaver (Hill Orc Gladiator)         Turns: 6079, Time: 00:25:21

Health: -7/66      AC: 15    Str: 20    XL:     8   Next: 81%
Magic:  8/8        EV: 13    Int: 10    God:    Okawaru [*.....]
Gold:   285        SH:  0    Dex: 11    Spells: 0 memorised, 7 levels left

rFire  . . .     SeeInvis .     a - +0 war axe
rCold  . . .     Clarity  .     f - +2 mottled dragon armour
rNeg   . . .     SustAt   .     (no shield)
rPois  .         Gourm    .     c - +0 helmet
rElec  .         Spirit   .     r - +2 cloak
rCorr  +         Warding  .     B - +0 pair of gloves
rMut   .         Stasis   .     F - +0 pair of boots
MR     .....                    u - amulet of resist corrosion
Stlth  +.........               (no ring)
                                h - +2 ring of strength

@: not resistant to hostile enchantments, very unstealthy
A: no striking features
a: Heroism, Renounce Religion


You were on level 6 of the Dungeon.
You worshipped Okawaru.
Okawaru was aware of your devotion.
You were not hungry.

You visited 2 branches of the dungeon, and saw 7 of its levels.

You collected 285 gold pieces.

Inventory:

Hand Weapons
 a - a +0 war axe (weapon)
Armour
 c - a +0 helmet (worn)
 f - a +2 mottled dragon armour (worn)
 r - a +2 cloak (worn)
 B - a +0 pair of gloves (worn)
 F - a +0 pair of boots (worn)
Jewellery
 h - a +2 ring of strength (left hand)
 u - an amulet of resist corrosion (around neck)
Wands
 e - a wand of paralysis (15)
 l - a wand of flame (14)
 y - a wand of cold (11)
Scrolls
 g - a scroll of noise {unknown}
 i - a scroll of blinking
 m - a scroll of remove curse
 n - 4 scrolls of teleportation
 o - 2 scrolls of identify
Potions
 b - a potion of curing
 j - 2 potions of haste
 t - 2 potions of poison
Comestibles
 p - a slice of pizza
 q - a meat ration
 s - 3 bread rations
 x - a beef jerky
 A - 2 fruits


   Skills:
 + Level 4.2 Fighting
 * Level 11.4 Axes
 - Level 1.7 Throwing
 + Level 2.9 Armour
 + Level 4.9 Dodging


You had 7 spell levels left.
You didn't know any spells.

Dungeon Overview and Level Annotations

Branches:
Dungeon (6/15)             Temple (1/1) D:5

Altars:
Ashenzari
Cheibriados
Dithmenos
Elyvilon
Fedhas
Gozag
Kikubaaqudgha
Makhleb
Nemelex Xobeh
Okawaru
Qazlal
Ru
Sif Muna
Trog
Vehumet
Xom
Yredelemnul
Zin
The Shining One

Shops:
D:4 [   D:5 [


Message History

Aim: a cyclops (heavily wounded)
You throw a throwing net. The throwing net hits the cyclops.
The cyclops is too large for the net to hold!
The cyclops is heavily wounded.
The cyclops misses you.
Throwing (i - inventory):
d - 2 throwing nets (quivered)
Press: ? - help, Shift-Dir - straight line, f/p - cyclops
Aim: a cyclops (heavily wounded)
You throw a throwing net. The throwing net hits the cyclops.
The cyclops is too large for the net to hold!
The cyclops is heavily wounded.
Throwing (i - inventory):
d - a throwing net (quivered)
Press: ? - help, Shift-Dir - straight line, f/p - cyclops
Aim: a cyclops (heavily wounded)
You throw a throwing net. The throwing net hits the cyclops.
The cyclops is too large for the net to hold!
The cyclops is heavily wounded.
The cyclops misses you.
The cyclops throws a large rock.
The large rock hits you!
You die...

#######.......##.# #.÷..
.............###.# #..##
#.#####.####.# #.# #..# #.#
#.# #.# #.# #..# #.# #.#
#.# #.######## #..# #.#
#.####.# #........# #..#
#.# #......# ########.#
#..# #.#
#.###..##########.#####..##
#.# .#
#...C.@..!.##.......... #.#
#†.#######.############
###.###†.# ##### ........†#
.### #.... ###.###..# .....
##.### #C.# ......##(..##
.... .........#... ##....
#≈≈...##...## #.....
.c≈....>..##


You could see a cyclops.

Vanquished Creatures
  Edmund (D:6)
  A sky beast (D:5)
  An ice beast (D:5)
  An ogre (D:5)
  A centaur (D:6)
  A giant frog (D:6)
  4 scorpions
  5 orc wizards
  A centaur zombie (D:6)
  A crimson imp (D:5)
  An iguana (D:5)
  2 centaur skeletons
  3 hounds
  A giant frog skeleton (D:6)
  A worker ant (D:5)
  3 sheep (D:6)
  A hound zombie (D:5)
  12 adders
  3 oozes
  An adder skeleton (D:4)
  2 adder zombies (D:5)
  3 worms
  7 giant geckos
  9 orcs
  3 giant cockroaches
  7 hobgoblins
  11 jackals
  9 kobolds
  2 quokkas (D:5)
  5 ball pythons
  A ball python skeleton (D:5)
  5 bats
  7 giant newts
  9 goblins
  2 quokka skeletons
  6 rats
133 creatures vanquished.

Vanquished Creatures (others)
  A scorpion (D:6)
1 creature vanquished.

Grand Total: 134 creatures vanquished

Notes
Turn   | Place    | Note
--------------------------------------------------------------
     0 | D:1      | Goblin1989 the Hill Orc Gladiator began the quest for the Orb.
     0 | D:1      | Reached XP level 1. HP: 18/18 MP: 1/1
   159 | D:1      | Reached XP level 2. HP: 25/25 MP: 2/2
   231 | D:1      | Reached skill level 5 in Axes
   682 | D:2      | Reached XP level 3. HP: 28/30 MP: 3/3
   879 | D:2      | Reached skill level 6 in Axes
  1280 | D:2      | Reached XP level 4. HP: 20/37 MP: 4/4
  1938 | D:3      | Reached skill level 7 in Axes
  2239 | D:3      | Reached XP level 5. HP: 40/42 MP: 5/5
  2524 | D:4      | Found Wumaheoss's Armour Boutique.
  2705 | D:4      | Reached skill level 8 in Axes
  2705 | D:4      | Reached XP level 6. HP: 41/50 MP: 6/6
  3219 | D:4      | Found an ancient bone altar of Kikubaaqudgha.
  3222 | D:4      | Found a blossoming altar of Fedhas.
  3222 | D:4      | Found a stormy altar of Qazlal.
  3222 | D:4      | Found a sparkling altar of Nemelex Xobeh.
  3233 | D:4      | Found a basalt altar of Yredelemnul.
  3234 | D:4      | Found a deep blue altar of Sif Muna.
  3252 | D:4      | Reached skill level 9 in Axes
  3252 | D:4      | Reached XP level 7. HP: 36/56 MP: 7/7
  3914 | D:5      | Entered Level 5 of the Dungeon
  4035 | D:5      | Found Dagawku's Antique Armour Emporium.
  4111 | D:5      | Reached skill level 10 in Axes
  4144 | D:5      | Found a staircase to the Ecumenical Temple.
  4148 | Temple   | Entered the Ecumenical Temple
  4209 | Temple   | Became a worshipper of Warmaster Okawaru
  4711 | D:5      | Reached skill level 1 in Armour
  4711 | D:5      | Reached XP level 8. HP: 50/62 MP: 8/8
  5296 | D:6      | Noticed Edmund
  5314 | D:6      | Killed Edmund
  5314 | D:6      | Reached * piety under Okawaru
  5616 | D:6      | Reached skill level 11 in Axes
  6054 | D:6      | Noticed a cyclops
  6079 | D:6      | Hit by a large rock thrown by a cyclops

Vault maps used:
D:1:      evilmike_arrival_fibonacci_small, minmay_shallow_snake_nest
D:3:      first_bread
D:4:      grunt_temple_overflow_open, serial_shops, shop
D:5:      temple_hall_moat, serial_shops, nicolae_shop_window_shopping
D:6:      kb_lookout_dungeons_type, uniq_edmund
Temple:   nicolae_temple_god_jail

Action                   |  1- 3 |  4- 6 |  7- 9 || total
-------------------------+-------+-------+-------++-------
Melee: War axe           |   109 |   158 |   274 ||   541
Throw: Throwing net      |       |       |     3 ||     3
  Use: Potion            |       |       |     8 ||     8
       Scroll            |       |       |    12 ||    12
 Stab: Invisible         |       |       |     1 ||     1
  Eat: Bread ration      |       |     2 |       ||     2
       Chunk             |       |       |     7 ||     7
       Fruit             |       |       |     2 ||     2
